 Dungeon Crawl Stone Soup version 0.29.1-1-gd02db6906a (webtiles) character file.

Game seed: 17165112311244478351

238 Ashen the Chiller (level 5, -11/38 HPs)
             Began as a Demonspawn Ice Elementalist on Sept 30, 2022.
             Was an Initiate of Makhleb.
             Mangled by an orc warrior
             ... wielding a +0 trident
              (16 damage)
             ... on level 4 of the Dungeon.
             The game lasted 00:07:11 (4044 turns).

Ashen the Chiller (Demonspawn Ice Elementalist)     Turns: 4044, Time: 00:07:13

Health: -11/38     AC: 10    Str:  9    XL:     5   Next: 78%
Magic:  1/10       EV: 12    Int: 18    God:    Makhleb [......]
Gold:   133        SH:  0    Dex: 13    Spells: 3/10 levels left

rFire   . . .      SeeInvis .   z - +8 hammer of the Warrior-Mage {vorpal, rElec Will+}
rCold   . . .      Faith    .   (no shield)
rNeg    . . .      Spirit   .   a - +0 robe
rPois   .          Reflect  .   (helmet restricted)
rElec   +          Harm     .   y - +0 cloak
rCorr   .          Rampage  .   (no gloves)
Will    +++..                   t - +0 pair of boots
Stlth   ++........              g - amulet of the acrobat
HPRegen 0.12/turn               n - ring of willpower
MPRegen 0.12/turn               p - ring of willpower

@: mighty, ice-armoured, freezing walls
A: antennae 1, demonic guardian 1, sturdy frame 1
a: Renounce Religion


You were on level 4 of the Dungeon.
You worshipped Makhleb.
Makhleb was noncommittal.
You visited 1 branch of the dungeon, and saw 4 of its levels.

You collected 133 gold pieces.

Inventory:

Hand Weapons
 c - a +0 mace
 h - a +1 short sword of speed
 q - a +0 falchion
 w - a +0 rapier
 z - the +8 hammer of the Warrior-Mage (weapon) {vorpal, rElec Will+}
   (You found it on level 4 of the Dungeon)

   It inflicts extra damage upon your enemies.
   rElec:     It insulates you from electricity.
   Will:      It increases your willpower.
Armour
 a - a +0 robe (worn)
 t - a +0 pair of boots (worn)
 y - a +0 cloak (worn)
Jewellery
 g - an amulet of the acrobat (around neck)
 n - a ring of willpower (left hand)
 p - a ring of willpower (right hand)
 v - a ring of protection from fire
Wands
 j - a wand of mindburst (2)
 r - a wand of roots (7)
 u - a wand of light (5)
Scrolls
 f - 3 scrolls of teleportation {unknown}
 k - 3 scrolls of magic mapping {unknown}
 m - 2 scrolls of enchant armour {unknown}
 o - a scroll of silence
 A - a scroll of immolation {unknown}
Potions
 b - 2 potions of magic
 e - a potion of might
 i - a potion of berserk rage
 l - a potion of haste
 s - a potion of curing
 x - a potion of heal wounds {unknown}


   Skills:
 + Level 1.8 Fighting
 + Level 2.6 Dodging
 + Level 2.6 Stealth
 * Level 3.4 Spellcasting
 * Level 4.6 Ice Magic


You had 3 spell levels left.
You knew the following spells:

 Your Spells              Type           Power      Damage    Failure   Level
a - Freeze                Ice            76%        1d9       2%          1
b - Frozen Ramparts       Ice            38%        1d6       7%          3
c - Ozocubu's Armour      Ice            19%        N/A       7%          3

Your spell library contained the following spells:

 Spells                   Type           Power      Damage    Failure   Level
 Magic Dart               Conj           12%        1d3       16%         1
 Summon Small Mammal      Summ           12%        N/A       16%         1
 Searing Ray              Conj           6%         2d4       24%         2
 Call Canine Familiar     Summ           3%         N/A       43%         3
 Summon Guardian Golem    Hex/Summ       3%         N/A       43%         3
 Hailstorm                Conj/Ice       11%        3d5       52%         4
 Fulminant Prism          Conj/Hex       1%         3d6       83%         4


Dungeon Overview and Level Annotations

Branches:
Dungeon (4/15)
 Temple: D:4-7

Altars:
Makhleb

Annotations:
D:2 Sigmund
D:4 Dowan, Duvessa


Innate Abilities, Weirdness & Mutations

You have a pair of small antennae on your head.
A weak demonic guardian rushes to your aid.
Your movements are slightly less encumbered by armour. (ER -2)


Message History

The wall freezes the orc priest.
The wall freezes the orc warrior but does no damage.
The orc warrior closely misses you.
The wall freezes the jackal.
You kill the jackal!
Makhleb accepts your kill.
Your quasit barely misses the orc warrior.
Your quasit claws the orc warrior but does no damage. x2
The wall freezes the orc priest.
The wall freezes the orc warrior but does no damage.
The orc warrior completely misses you.
Your quasit closely misses the orc warrior.
Your quasit claws the orc warrior but does no damage. x2
Okay, then.
As you read the scroll labelled RUGEXO QECIPS, it crumbles to dust.
It is a scroll of identify.
i - a potion of berserk rage Your quasit bites the orc warrior but does no damage.
Your quasit claws the orc warrior but does no damage. x2
The wall freezes the orc warrior.
The orc warrior hits you from afar with a +0 trident.
* * * LOW HITPOINT WARNING * * *
The wall freezes the orc priest.
You kill the orc priest!
Makhleb accepts your kill.
Okay, then.
As you read the scroll of identify, it crumbles to dust.
l - a potion of haste Your quasit bites the orc warrior.
Your quasit claws the orc warrior.
Your quasit barely misses the orc warrior.
The wall freezes the orc warrior but does no damage.
The orc warrior barely misses you.
Okay, then.
As you read the scroll of identify, it crumbles to dust.
s - a potion of curing Your quasit closely misses the orc warrior. x2
Your quasit claws the orc warrior.
The wall freezes the jackal.
The wall freezes the endoplasm.
The wall freezes the orc warrior.
The orc warrior hits you from afar with a +0 trident!
You die...

#.# ##### #.# ##...## #.#
#.....##.##.. .o.
.......#.#..# #J# ##
...........## #o# ##..
.....<.#.###..##5###...#
#...........h.h.@5......
.......#.##.#.##....####
......>..# #......##
........## #..#.#.# ###
#..####.#####......## #...#
#..#.......##..#.#..#.....#
#..#.##.##.##...........#
#..#.#...#.##.......##.##
#......_......##.#### #


You could see an orc warrior (ally target), an orc, an endoplasm, 2 jackals, a
friendly quasit (summoned) and a friendly shadow imp (summoned).

Vanquished Creatures
  Crazy Yiuf (D:4)
  An orc priest (D:4)
  Ijyb (D:3)
  5 adders
  A worm (D:3)
  4 dart slugs
  2 orcs
  6 ball pythons
  6 endoplasms
  A giant cockroach (D:2)
  7 goblins
  8 hobgoblins
  A jackal (D:4)
  4 quokkas
  4 bats
  4 frilled lizards
  4 kobolds
  10 rats
70 creatures vanquished.

Vanquished Creatures (collateral kills)
  A hound (D:4)
1 creature vanquished.

Vanquished Creatures (others)
  A fungus (D:1)
  A plant (D:1)
2 creatures vanquished.

Grand Total: 73 creatures vanquished

Notes
Turn   | Place    | Note
-------+----------+-------------------------------------------
     0 | D:1      | Ashen the Demonspawn Ice Elementalist began the quest for
                  | the Orb.
     0 | D:1      | Reached XP level 1. HP: 13/13 MP: 3/3
   440 | D:1      | Gained mutation: You have a pair of small antennae on your
                  | head. [demonic ancestry]
   440 | D:1      | Reached XP level 2. HP: 20/20 MP: 1/5
  1014 | D:1      | Reached XP level 3. HP: 21/25 MP: 3/6
  1045 | D:1      | Found a faded altar of an unknown god.
  1045 | D:1      | Noticed a soul eater
  1522 | D:2      | Learned a level 3 spell: Frozen Ramparts
  1526 | D:2      | Learned a level 3 spell: Ozocubu's Armour
  1539 | D:2      | Reached skill level 4 in Ice Magic
  1685 | D:2      | Reached skill level 1 in Fighting
  1741 | D:2      | Gained mutation: Your movements are slightly less
                  | encumbered by armour. (ER -2) [demonic ancestry]
  1741 | D:2      | Reached XP level 4. HP: 31/32 MP: 4/8
  2639 | D:2      | Noticed Sigmund
  2891 | D:3      | Noticed Ijyb
  2900 | D:3      | Killed Ijyb
  3405 | D:3      | Gained mutation: A weak demonic guardian rushes to your
                  | aid. [demonic ancestry]
  3405 | D:3      | Reached XP level 5. HP: 34/37 MP: 7/9
  3668 | D:3      | Identified the +2 ring mail "Plog" {-Tele Harm rPois}
  3766 | D:4      | Noticed Duvessa
  3766 | D:4      | Noticed Dowan
  3798 | D:4      | Found a burning altar of Makhleb.
  3804 | D:4      | Became a worshipper of Makhleb the Destroyer
  3821 | D:4      | Found a runed translucent door.
  3822 | D:4      | Noticed Crazy Yiuf
  3912 | D:4      | Killed Crazy Yiuf
  3922 | D:4      | Identified the +8 hammer of the Warrior-Mage {vorpal, rElec
                  | Will+}
  4028 | D:4      | Noticed an orc warrior
  4044 | D:4      | Mangled by an orc warrior

Illustrated notes

Levels and vault maps discovered:
D:1:      tarquinn_simple_flora_water_d, layout_basic,
          dreamdust_ecumenical_altar_sealed_demon, chequers_serial_rivers_room_b
D:2:      layout_basic, uniq_sigmund
D:3:      layout_loops_cross, uniq_ijyb
D:4:      layout_rooms, nicolae_overflow_crystal_walls, serial_co_window_serial,
          co_window_corner_a, co_window_paths_a, co_window_paths_b,
          co_window_paths_a, co_window_corner_a, co_window_of_opportunity_a,
          co_window_paths_a, co_window_of_opportunity_c, co_window_2corner,
          co_window_2corner, co_window_sun, co_window_4corner_b,
          glass_columns_c, glass_columns_a, glass_columns_a, uniq_duvessa,
          uniq_crazy_yiuf_cottage

Skill      XL: |  1  2  3  4 |
---------------+-------------+-----
Dodging        | 2 |  2.6
Stealth        | 2 |  2.6
Ice Magic      | 4 |  4.6
Fighting       | 1 |  1.8
Spellcasting   | 3 |  3.4

Action                   |  1- 3 |  4- 6 || total
-------------------------+-------+-------++-------
Melee: Mace              |    51 |    41 ||    92
       Unarmed           |     1 |       ||     1
       Punch             |       |     1 ||     1
 Cast: Freeze            |    45 |    39 ||    84
       Ozocubu's Armour  |       |     4 ||     4
       Frozen Ramparts   |       |     3 ||     3
  Use: Scroll            |       |     4 ||     4
       Potion            |       |     1 ||     1
 Stab: Sleeping          |     4 |     2 ||     6
Armor: Robe              |    17 |    18 ||    35
Dodge: Dodged            |    68 |    68 ||   136
